 Dungeon Sprint DCSS version 0.23.1-37-gaa34b87 (webtiles) character file.

Game seed: 14300728958532180264

54 nuthulu the Chopper (level 5, -7/47 HPs)
             Began as a Formicid Fighter on Mar 20, 2019.
             Was a Priest of Qazlal.
             Mangled by a rust devil (8 damage)
             ... in the Dungeon (Sprint VI: "Thunderdome").
             The game lasted 00:01:38 (309 turns).

nuthulu the Chopper (Formicid Fighter)               Turns: 309, Time: 00:01:39

Health: -7/47      AC: -25   Str: 21    XL:     5   Next: 16%
Magic:  0/5        EV:  7    Int: 12    God:    Qazlal [***...]
Gold:   145        SH: 14    Dex: 20    Spells: 4/4 levels left

rFire    . . .     SeeInvis +   a - +0 war axe
rCold    . . .     Gourm    .   c - +0 shield
rNeg     . . .     Faith    .   b - +0 scale mail
rPois    +         Spirit   +   (helmet unavailable)
rElec    .         Reflect  .   (no cloak)
rCorr    .         Harm     .   (no gloves)
MR       +....                  (no boots)
Stlth    ..........             p - amulet of Piopp {Spirit rPois Dex+4}
HPRegen  0.15/turn              r - ring of Gluttony {+Fly MR+ Int+4 Stlth-}
MPRegen  0.09/turn              q - ring of Luheon {*Slow +Fly Dex+6}

@: corroded
A: permanent stasis, dig shafts and tunnels, four strong arms, antennae 3
a: Dig, Upheaval, Elemental Force, Renounce Religion, Evoke Flight


You were in the Dungeon.
You worshipped Qazlal.
Qazlal was most pleased with you.
You were not hungry.

You visited 1 branch You collected 280 gold pieces.
You spent 135 gold pieces at shops.

Inventory:

Hand Weapons
 a - a +0 war axe (weapon)
Armour
 b - a +0 scale mail (worn)
 c - a +0 shield (worn)
Jewellery
 p - the amulet of Piopp (around neck) {Spirit rPois Dex+4}
   (You bought it in a shop in the Dungeon)

   [amulet of guardian spirit]

   It causes incoming damage to be split between your health and magic.
   It affects your dexterity (+4).
   It protects you from poison.
 q - the ring of Luheon (right hand) {*Slow +Fly Dex+6}
   (You bought it in a shop in the Dungeon)

   [ring of flight]

   It affects your dexterity (+6).
   It lets you fly.
   It may slow you when you take damage.
 r - the ring of Gluttony (left hand) {+Fly MR+ Int+4 Stlth-}
   (You bought it in a shop in the Dungeon)

   [ring of attention]

   It affects your intelligence (+4).
   It affects your resistance to hostile enchantments.
   It lets you fly.
   It makes you less stealthy.
Wands
 l - a wand of acid (5)
 m - a wand of iceblast (5)
Scrolls
 k - 4 scrolls of blinking
 n - 3 scrolls of fog
Potions
 e - a potion of curing
 g - a potion of heal wounds
 h - 4 potions of haste
 i - 2 potions of magic
 j - a potion of berserk rage
 o - a potion of resistance
Comestibles
 f - a ration


   Skills:
 + Level 6.7 Fighting
 * Level 7.8 Axes
 - Level 3.2 Armour
 - Level 3.6 Shields


You had 4 spell levels left.
You didn't know any spells.
Your spell library was empty.

Dungeon Overview and Level Annotations

Branches:
Dungeon (1/1)

Altars:
Cheibriados
Dithmenos
Fedhas
Gozag
Kikubaaqudgha
Makhleb
Okawaru
Qazlal
Ru
Sif Muna
Trog
Uskayaw
Vehumet
Wu Jian
Xom
Yredelemnul
Zin
The Shining One
Beogh
Jiyva
Lugonu

Shops:
D *[%??*?*:[((!!!!


Innate Abilities, Weirdness & Mutations

You cannot be hasted, slowed, berserked, paralysed or teleported.
You can dig through walls and to a lower floor.
Your four strong arms can wield two-handed weapons with a shield.
You have a pair of large antennae on your head. (SInv)


Message History

Unknown command.
You hit the rust devil but do no damage.
The rust devil is severely wounded.
The rust devil barely misses you.
You hit the rust devil but do no damage.
The rust devil is severely wounded.
The rust devil barely misses you.
Unknown command.
Unknown command.
You hit the rust devil but do no damage.
The rust devil is severely wounded.
The rust devil hits you.
* * * LOW HITPOINT WARNING * * *
The rust devil corrodes you!
Unknown command.
Unknown command.
You slash the rust devil!
The rust devil is almost dead.
The rust devil hits you!
You die...

#_......._# #_......._#
###.........### #§...........⌠#
######.8.........8.######
##∩___......###......___∩##
###∩........8.# #48........∩###
#.............###4E...........##
⌠..........###..@###..........⌠#
⌠..........# #.<.# #..........⌠#
⌠..........###...###..........⌠#
#.............###.............##
###∩.....†..8.# #.8........∩###
##∩.__......###......___∩##
######.8.........8.######
#⌠...........⌠# ###.........###


You could see an earth elemental and 2 rust devils.

Vanquished Creatures
  2 quasits (D)
  An iron imp (D)
  A shadow imp (D)
  A white imp (D)
  An ufetubus (D)
  2 bat skeletons (D)
  A goblin (D)
  A bat (D)
  A kobold (D)
11 creatures vanquished.

Notes
Turn   | Place    | Note
-------+----------+-------------------------------------------
     0 | D        | nuthulu the Formicid Fighter began the quest for the Orb.
     0 | D        | Reached XP level 1. HP: 18/18 MP: 1/1
     1 | D        | Found a shadowy altar of Dithmenos.
     1 | D        | Found a stormy altar of Qazlal.
     2 | D        | Found a roughly hewn altar of Beogh.
     2 | D        | Found a deep blue altar of Sif Muna.
     3 | D        | Found a hide-covered altar of Uskayaw.
     4 | D        | Found Deagoryur's Delicious Food.
     4 | D        | Found a snail-covered altar of Cheibriados.
     4 | D        | Found a basalt altar of Yredelemnul.
     4 | D        | Found Gebes's Identification Station.
     5 | D        | Found Liel's Jewellery.
     5 | D        | Found Emuprouf's Advanced Armour.
     5 | D        | Round 1.
    13 | D        | Bought a slimy amethyst amulet for 45 gold pieces
    13 | D        | Bought a faintly glowing brass ring for 45 gold pieces
    13 | D        | Bought a slimy iron ring for 45 gold pieces
    13 | D        | Identified the ring of Gluttony {+Fly MR+ Int+4 Stlth-}
                  | (You bought it in a shop in the Dungeon)
    14 | D        | Identified the amulet of Piopp {Spirit rPois Dex+4} (You
                  | bought it in a shop in the Dungeon)
    15 | D        | Identified the ring of Luheon {*Slow +Fly Dex+6} (You
                  | bought it in a shop in the Dungeon)
    25 | D        | Found a shimmering altar of Xom.
    26 | D        | Found Vecureqehu's Magic Scroll Shop.
    27 | D        | Found Rinusk's Magic Scroll Shop.
    27 | D        | Found Xuyqixes's Must-Have Magic.
    28 | D        | Found an iron altar of Okawaru.
    28 | D        | Found an opulent altar of Gozag.
    28 | D        | Found Eciemuq's Staff Store.
    31 | D        | Became a worshipper of Qazlal Stormbringer
    36 | D        | Found a corrupted altar of Lugonu.
    37 | D        | Found a radiant altar of Vehumet.
    38 | D        | Found a bloodstained altar of Trog.
    39 | D        | Found Woem's Distillery.
    40 | D        | Found Itillemi's Distillery.
    40 | D        | Found Qoklileq's Bottled Wisdom.
    40 | D        | Found a blossoming altar of Fedhas.
    40 | D        | Found a viscous altar of Jiyva.
    40 | D        | Found a burning altar of Makhleb.
    40 | D        | Found Wadug's Do-It-Yourself Clinic.
    44 | D        | Found a sacrificial altar of Ru.
    47 | D        | Found an ornate altar of the Wu Jian Council.
    48 | D        | Found an ancient bone altar of Kikubaaqudgha.
    48 | D        | Found Fiohyvvo's Weapon Rack.
    50 | D        | Found a glowing silver altar of Zin.
    50 | D        | Found a glowing golden altar of the Shining One.
    50 | D        | Found Huyb Tyd's Premium Goods.
    50 | D        | Found Dorghyf's Basic Armour.
    50 | D        | Found Gaer's Miscellaneous Merchandise.
    71 | D        | Reached skill level 3 in Axes
   115 | D        | Reached * piety under Qazlal
   131 | D        | Arena points: 12 (+12) [x2]
   180 | D        | Round 2.
   180 | D        | Noticed a quasit
   180 | D        | Noticed an iron imp
   184 | D        | Noticed a quasit
   191 | D        | Killed an iron imp
   191 | D        | Reached skill level 5 in Fighting
   191 | D        | Reached skill level 5 in Axes
   191 | D        | Reached XP level 2. HP: 26/27 MP: 2/2
   191 | D        | Reached XP level 3. HP: 32/33 MP: 3/3
   191 | D        | Reached ** piety under Qazlal
   191 | D        | Reached skill level 6 in Axes
   191 | D        | Reached XP level 4. HP: 39/40 MP: 4/4
   194 | D        | Reached skill level 7 in Axes
   194 | D        | Reached XP level 5. HP: 41/47 MP: 3/5
   197 | D        | Reached *** piety under Qazlal
   198 | D        | Arena points: 54 (+42) [x3]
   257 | D        | Round 3.
   264 | D        | Noticed a rust devil
   292 | D        | Noticed a rust devil
   308 | D        | HP: 1/47 [rust devil (5)]
   309 | D        | Mangled by a rust devil

Skill      XL: |  1  2  3  4 |
---------------+-------------+-----
Axes           | 5 6 7 |  7.8
Fighting       | 5 6 |  6.7
Armour         | |  3.2
Shields        | |  3.6

Action                   |  1- 3 |  4- 6 || total
-------------------------+-------+-------++-------
Melee: War axe           |    23 |    39 ||    62
  Use: Potion            |     2 |     2 ||     4
Armor: Scale mail        |    32 |     9 ||    41
Dodge: Dodged            |    18 |    15 ||    33
Block: Shield            |    30 |    28 ||    58
